 Dungeon Crawl Stone Soup version 0.26-a0-612-gd4d190f45e (webtiles) character file.

Game seed: 431131511467196525

46 DogServant the Chiller (level 3, -4/19 HPs)
             Began as a Deep Elf Ice Elementalist on Sept 10, 2020.
             Slain by a gnoll
             ... wielding a +0 flail
              (14 damage)
             ... on level 2 of the Dungeon.
             The game lasted 00:04:18 (1250 turns).

DogServant the Chiller (Deep Elf Ice Elementalist)  Turns: 1250, Time: 00:04:19

Health: -4/19      AC:  3    Str:  5    XL:     3   Next: 44%
Magic:  7/10       EV:  7    Int: 20    God:
Gold:   81         SH:  0    Dex: 15    Spells: 9/10 levels left

rFire    . . .     SeeInvis .   (no weapon)
rCold    . . .     Faith    .   (no shield)
rNeg     . . .     Spirit   .   a - +0 robe
rPois    .         Reflect  .   (no helmet)
rElec    .         Harm     .   (no cloak)
rCorr    .                      d - +0 pair of gloves
MR       .....                  (no boots)
Stlth    ++........             (no amulet)
HPRegen  0.06/turn              (no ring)
MPRegen  0.12/turn              (no ring)

@: held
A: no striking features
a: no special abilities


You were on level 2 of the Dungeon.
You visited 1 branch of the dungeon, and saw 2 of its levels.

You collected 81 gold pieces.

Inventory:

Armour
 a - a +0 robe (worn)
 d - a +0 pair of gloves (worn)
Scrolls
 c - 5 scrolls of identify
 f - a scroll of amnesia
Potions
 b - a potion of curing {unknown}
 e - 2 potions of might {unknown}


   Skills:
 - Level 2.4 Dodging
 + Level 3.1 Stealth
 * Level 4.1 Spellcasting
 * Level 5.0 Ice Magic


You had 9 spell levels left.
You knew the following spells:

 Your Spells              Type           Power        Failure   Level
a - Freeze                Ice            ###.         1%          1

Your spell library contained the following spells:

 Spells                   Type           Power        Failure   Level
 Frozen Ramparts          Ice            ###...       4%          3
 Ozocubu's Armour         Ice            ###.....     4%          3
 Hailstorm                Conj/Ice       ##......     41%         4
 Summon Ice Beast         Ice/Summ       ##......     41%         4


Dungeon Overview and Level Annotations

Branches:
Dungeon (2/15)

Altars:

Annotations:
D:2 Sigmund


Message History

You become entangled in the net!
Casting: Freeze (safe; 1% risk of failure)
Confirm with . or Enter, or press ? or * to list all spells.
You can't see any susceptible monsters within range! (Use Z to cast anyway.) Unknown command.
This spell is quite dangerous to cast!
Memorise Frozen Ramparts, consuming 3 spell levels and leaving 6?
You start memorising the spell.
You continue memorising.
The gnoll hits you with a +0 flail!
Your memorisation is interrupted.
Sigmund the Dreaded comes into view.
He is wielding a +0 scythe.
As you read the scroll labeled HAWULL RAFE, it crumbles to dust.
It is a scroll of identify.
f - a scroll of amnesia Sigmund shouts!
As you read the scroll labeled XUBRUTH FAACEPT, it crumbles to dust.
It is a scroll of enchant weapon.
You aren't carrying any weapons that can be enchanted.
The gnoll hits you with a +0 flail!
Ouch! That really hurt!
You die...

##### #.... #....
#.... #.... #....
#....
###############....
+.@................
#g#################
#b#


hhh hrg?. ......) ..@.....# .........# ..........# You could see Sigmund, 2
gnolls, a quokka, 3 jackals and a bat.

Vanquished Creatures
  A gnoll (D:2)
  An adder (D:2)
  An ooze (D:1)
  A dart slug (D:1)
  3 orcs (D:2)
  A ball python (D:1)
  A giant cockroach (D:1)
  A goblin (D:1)
  2 hobgoblins (D:1)
  A kobold (D:1)
  2 frilled lizards
  5 rats (D:1)
20 creatures vanquished.

Vanquished Creatures (others)
  A plant (D:2)
1 creature vanquished.

Grand Total: 21 creatures vanquished

Notes
Turn   | Place    | Note
-------+----------+-------------------------------------------
     0 | D:1      | DogServant the Deep Elf Ice Elementalist began the quest
                  | for the Orb.
     0 | D:1      | Reached XP level 1. HP: 10/10 MP: 6/6
   386 | D:1      | Reached XP level 2. HP: 14/15 MP: 4/8
  1141 | D:2      | Reached XP level 3. HP: 19/19 MP: 7/10
  1246 | D:2      | Reached skill level 5 in Ice Magic
  1248 | D:2      | Noticed Sigmund
  1250 | D:2      | Slain by a gnoll

Illustrated notes

Levels and vault maps discovered:
D:1:      nzn_arrival_depleted_hourglass, layout_basic
D:2:      layout_basic, grunt_dithmenos_smoke_and_mirrors,
          gammafunk_temple_overflow_forgotten, uniq_sigmund

Skill      XL: |  1  2  3 |
---------------+----------+-----
Stealth        | 3 |  3.1
Spellcasting   | 4 |  4.1
Ice Magic      | 5 |  5.0
Dodging        | |  2.4

Action                   || total
-------------------------++-------
Melee: Unarmed           ||     2
 Cast: Freeze            ||    35
  Use: Scroll            ||     2
 Stab: Sleeping          ||     1
Armor: Robe              ||     4
Dodge: Dodged            ||    17

Table legend: (Time is in decaauts)
 A = Elapsed time spent in this place.
 B = Non-inter-level travel time spent in this place.
 C = Inter-level travel time spent in this place.
 D = Time resting spent in this place.
 E = Time spent auto-exploring this place.
 F = Levels seen in this place.
 G = Mean time per level.
                   A        B        C        D        E       F      G
               +--------+--------+--------+--------+--------+-----+--------+
         Total |   1249 |   1228 |     21 |    163 |    916 |   2 |  624.5 |
       Dungeon |   1249 |   1228 |     21 |    163 |    916 |   2 |  624.5 |
               +--------+--------+--------+--------+--------+-----+--------+

Top non-repeatable levels by time:
     D:1: 877 daAuts
     D:2: 372 daAuts
